 Dungeon Crawl Stone Soup version 0.25.0-46-gbd7b0854d2 (webtiles) character file.

Game seed: 8825960481191625406

2382 Ethylacetat the Spear-Bearer (level 9, -1/85 HPs)
             Began as a Naga Gladiator on July 14, 2020.
             Was a Follower of Cheibriados.
             Slain by Pikel
             ... wielding a +2 whip of electrocution
              (19 damage)
             ... on level 8 of the Dungeon.
             The game lasted 00:18:00 (8490 turns).

Ethylacetat the Spear-Bearer (Naga Gladiator)       Turns: 8490, Time: 00:18:02

Health: -1/85      AC: 10    Str: 23    XL:     9   Next: 45%
Magic:  10/10      EV: 10    Int: 10    God:    Cheibriados [*.....]
Gold:   228        SH:  4    Dex: 14    Spells: 3/8 levels left

rFire    . . .     SeeInvis +   a - +0 trident
rCold    . . .     Gourm    .   n - +0 buckler
rNeg     . . .     Faith    .   b - +0 leather armour
rPois    +         Spirit   .   c - +0 helmet
rElec    .         Reflect  .   E - +0 cloak
rCorr    .         Harm     .   (no gloves)
MR       +....                  (no barding)
Stlth    ++........             (no amulet)
HPRegen  0.24/turn              h - +4 ring of protection
MPRegen  0.12/turn              y - ring of stealth

@: short of breath, hasted, very slow
A: large, see invisible, deformed body, poison resistance, slowness 2, slow
metabolism 1, spit poison 1, AC +3
a: Spit Poison, Bend Time, Renounce Religion


You were on level 8 of the Dungeon.
You worshipped Cheibriados.
Cheibriados was aware of your devotion.
You were not hungry.

You visited 2 branches of the dungeon, and saw 9 of its levels.

You collected 498 gold pieces.
You spent 270 gold pieces at shops.

Inventory:

Hand Weapons
 a - a +0 trident (weapon)
Missiles
 d - 3 throwing nets (quivered)
Armour
 b - a +0 leather armour (worn)
 c - a +0 helmet (worn)
 n - a +0 buckler (worn)
 E - a +0 cloak (worn)
Jewellery
 h - a +4 ring of protection (left hand)
 x - a +6 ring of intelligence
 y - a ring of stealth (right hand)
 A - an uncursed ring of wizardry
Wands
 r - a wand of iceblast (5)
 B - a wand of polymorph (7)
 D - a wand of paralysis (3)
Scrolls
 i - 3 scrolls of identify
 j - a scroll of fear
 k - 2 scrolls of teleportation
 l - 2 scrolls of fog
 t - a scroll of amnesia
 u - 2 scrolls of magic mapping
 v - a scroll of enchant weapon
Potions
 e - 2 potions of degeneration {unknown}
 g - 2 potions of haste
 o - 4 potions of curing
 p - a potion of heal wounds
 q - a potion of lignification {unknown}
 s - a potion of brilliance {unknown}
 z - a potion of magic {unknown}
Comestibles
 f - 15 rations
 m - a chunk of flesh


   Skills:
 + Level 6.9 Fighting
 * Level 10.0 Polearms
 - Level 1.7 Throwing
 - Level 2.4 Dodging
 - Level 2.4 Shields
 + Level 2.4 Invocations


You had 3 spell levels left.
You knew the following spells:

 Your Spells              Type           Power        Failure   Level  Hunger
a - Blade Hands           Tmut           #.........   100%        5    ######.

Your spell library contained the following spells:

 Spells                   Type           Power        Failure   Level  Hunger
 Animate Skeleton         Necr           N/A          41%         1    ##.....
 Apportation              Tloc           #.....       41%         1    ##.....
 Beastly Appendage        Tmut           #.....       41%         1    ##.....
 Corona                   Hex            #......      41%         1    ##.....
 Summon Small Mammal      Summ           #...         41%         1    ##.....
 Sticks to Snakes         Tmut           #.......     54%         2    ###....
 Spider Form              Tmut/Pois      #.........   78%         3    ####...
 Ice Form                 Ice/Tmut       #.......     99%         4    #####..


Dungeon Overview and Level Annotations

Branches:
Dungeon (8/15)             Temple (1/1) D:7
   Lair: D:8-11

Altars:
Ashenzari
Cheibriados
Dithmenos
Elyvilon
Hepliaklqana
Makhleb
Nemelex Xobeh
Ru
Sif Muna
Vehumet
Wu Jian
Xom
Yredelemnul
Zin
The Shining One

Shops:
D:4 (

Annotations:
D:7 2 transporters, Ethylacetat's ghost, novice OpGl
D:8 Grum; Pikel


Innate Abilities, Weirdness & Mutations

You cannot wear boots.
Your serpentine skin is tough. (AC +3)
You have supernaturally acute eyesight. (SInv)
Armour fits poorly on your strangely shaped body.
Your system is resistant to poisons. (rPois)
You cover ground very slowly.
You have a slow metabolism.
You can spit poison.


Message History

Pikel is severely wounded.
Pikel completely misses you.
You barely miss Pikel.
Pikel is severely wounded.
The slave hits you but does no damage.
You hit Pikel.
Pikel is almost dead.
You have got your breath back.
Pikel hits you with a +2 whip of electrocution.
* * * LOW HITPOINT WARNING * * *
Press: ? - help, Shift-Dir - straight line, f/p - Pikel
Aim: Pikel, wielding a +2 whip of electrocution and wearing a +0 robe (severely wounded, poisoned)
The splash of poison hits Pikel but does no damage.
Pikel is severely wounded.
You feel slightly more hungry.
Pikel looks more healthy.
The slave hits you but does no damage.
Pikel hits you with a +2 whip of electrocution.
* * * LOW HITPOINT WARNING * * *
You are electrocuted!!
You die...

##...####.....#
###.......
##...## #.....#
##...... #...##
##.....#
###.... ##..##
##......# ###..
#..## #......##
### ##..#
#......# ##..##
##......# #..##
#.......# ..##
#......@# .##
#......Kpp# .#
#.....##p...#
.## ##...#
....... ..#
#.## .......
..## ## .......
...# #......
..## ...... .##


You could see Pikel and 3 slaves.

Vanquished Creatures
  Psyche (D:8)
  Edmund (D:6)
  An ice beast (D:7)
  A slave (D:8)
  A black bear (D:6)
  3 ogres
  2 phantoms (D:6)
  A wolf (D:8)
  A centaur (D:5)
  3 bullfrogs
  2 scorpions
  2 bullfrog zombies
  3 quasits
  5 hounds
  2 orc priests
  3 iguanas
  4 orc wizards
  4 worker ants
  A killer bee zombie (D:6)
  8 adders
  2 shadow imps
  3 adder skeletons (D:4)
  3 worms
  2 dart slugs (D:1)
  7 leopard geckos
  16 orcs
  5 giant cockroaches
  7 goblins
  7 hobgoblins
  11 jackals
  6 quokkas
  2 ball pythons
  4 bats
  3 frilled lizards
  5 kobolds
  A leopard gecko zombie (D:5)
  A quokka skeleton (D:5)
  A quokka zombie (D:7)
  6 rats
141 creatures vanquished.

Notes
Turn   | Place    | Note
-------+----------+-------------------------------------------
     0 | D:1      | Ethylacetat the Naga Gladiator began the quest for the Orb.
     0 | D:1      | Reached XP level 1. HP: 19/19 MP: 1/1
   223 | D:1      | Reached XP level 2. HP: 22/26 MP: 2/2
   834 | D:2      | Reached XP level 3. HP: 6/33 MP: 3/3
  1330 | D:2      | Reached skill level 4 in Polearms
  1831 | D:2      | Reached XP level 4. HP: 40/40 MP: 4/4
  2544 | D:3      | Found a faded altar of an unknown god.
  2625 | D:3      | Reached skill level 5 in Polearms
  2625 | D:3      | Reached XP level 5. HP: 22/49 MP: 5/5
  3467 | D:4      | Found Gout's Antique Weapon Boutique.
  3604 | D:4      | Reached XP level 6. HP: 52/57 MP: 6/6
  3807 | D:4      | Reached skill level 6 in Polearms
  4050 | D:5      | Entered Level 5 of the Dungeon
  4114 | D:5      | Reached XP level 7. HP: 35/66 MP: 7/7
  4985 | D:5      | Reached skill level 7 in Polearms
  4985 | D:5      | Reached skill level 1 in Shields
  5400 | D:6      | Reached skill level 5 in Fighting
  5534 | D:6      | Reached XP level 8. HP: 63/74 MP: 8/8
  5939 | D:6      | Reached skill level 8 in Polearms
  6014 | D:6      | Found a shimmering blue altar of Sif Muna.
  6016 | D:6      | Found a hazy altar of Hepliaklqana.
  6017 | D:6      | Found a glowing silver altar of Zin.
  6017 | D:6      | Noticed Edmund
  6027 | D:6      | Killed Edmund
  6528 | D:7      | Reached skill level 9 in Polearms
  6529 | D:7      | Found a staircase to the Ecumenical Temple.
  6557 | Temple   | Entered the Ecumenical Temple
  6577 | Temple   | Became a worshipper of Cheibriados the Contemplative
  6826 | D:7      | Found a white marble altar of Elyvilon.
  6840 | D:7      | Found a transporter.
  6840 | D:7      | Noticed Ethylacetat's ghost (novice OpGl)
  6879 | D:7      | Found a shadowy altar of Dithmenos.
  7072 | D:7      | Noticed a yak
  7084 | D:7      | Found a transporter.
  7087 | D:7      | Noticed a moth of wrath
  7156 | D:7      | Reached XP level 9. HP: 84/84 MP: 9/9
  7236 | D:7      | Learned a level 5 spell: Blade Hands
  7637 | D:8      | Noticed Psyche
  7645 | D:8      | Killed Psyche
  7645 | D:8      | Reached skill level 1 in Invocations
  7720 | D:8      | Reached * piety under Cheibriados
  7720 | D:8      | Reached skill level 10 in Polearms
  7730 | D:8      | Noticed Grum
  8107 | D:8      | Noticed Maurice
  8110 | D:8      | Noticed Maurice
  8110 | D:8      | Maurice changed into Maurice the worm
  8116 | D:8      | Killed Maurice the worm
  8324 | D:4      | Bought a masterwork halberd for 270 gold pieces
  8329 | D:4      | Identified the cursed +0 halberd "Imemp" {freeze, *Slow
                  | rPois Str+4} (You bought it in a shop on level 4 of the
                  | Dungeon)
  8446 | D:8      | Noticed Pikel
  8484 | D:8      | HP: 1/85 [Pikel/+2 whip of electrocution (17)]
  8490 | D:8      | Slain by Pikel

Illustrated notes

Levels and vault maps discovered:
D:1:      minmay_arrival_plants_in_alcoves, layout_loops_cross
D:2:      layout_loops_corners
D:3:      layout_loops_ring, chequers_ecumenical_altar_island
D:4:      layout_loops_ring, serial_shops, shop, first_ration,
          serial_bayou_pond_d, bh_walls_and_bars
D:5:      layout_basic
D:6:      layout_loops_cross, grunt_temple_overflow_open,
          kennysheep_generic_room_14, uniq_edmund
D:7:      layout_loops_corners, grunt_dithmenos_shadows, temple_pool_b,
          gammafunk_ghost_berserking_beasts, elyvilon_altar_4
D:8:      layout_cave_pods, uniq_grum, uniq_psyche, uniq_pikel, uniq_maurice
Temple:   regret_index_temple_mists

Skill      XL: |  1  2  3  4  5  6  7  8  9 |
---------------+----------------------------+-----
Polearms       | 4 5 6 7 9 10 | 10.0
Fighting       | 3 4 5 6 |  6.9
Shields        | 1 2 |  2.4
Invocations    | 2 |  2.4
Throwing       | |  1.7
Dodging        | |  2.4

Action                   |  1- 3 |  4- 6 |  7- 9 || total
-------------------------+-------+-------+-------++-------
Melee: Trident           |    89 |   179 |   332 ||   600
 Abil: Spit Poison       |    15 |    23 |    20 ||    58
Evoke: Wand              |       |       |     4 ||     4
  Use: Scroll            |       |       |    12 ||    12
       Potion            |       |       |     2 ||     2
 Stab: Sleeping          |       |       |     5 ||     5
  Eat: Chunk             |     3 |     7 |    13 ||    23
Armor: Leather armour    |    31 |    98 |    95 ||   224
Dodge: Dodged            |    39 |   100 |   127 ||   266
Block: Buckler           |       |       |    68 ||    68
